 Dungeon Crawl Stone Soup version 0.31-a0-538-gbc85326fa9 (webtiles) character file.

Game seed: 12170444920174323436

1704 Arcadio the Nimble (level 8, -4/44 HPs)
             Began as a Spriggan Hunter on Aug 13, 2023.
             Was a Priest of Zin.
             Slain by a black bear (9 damage)
             ... on level 7 of the Dungeon.
             The game lasted 00:20:51 (6340 turns).

Arcadio the Nimble (Spriggan Hunter)                Turns: 6340, Time: 00:20:51

Health: -4/44      AC:  3    Str: 10    XL:     8   Next: 73%
Magic:  0/9        EV: 24    Int: 14    God:    Zin [***...]
Gold:   240        SH:  0    Dex: 20    Spells: 7/7 levels left

rFire   . . .        b - +7 whip "Pofi Fia" {venom, Str+3 Int+3}
rCold   . . .        (no shield)
rNeg    . . .        c - +0 robe
rPois   .            (helmet restricted)
rElec   .            j - +0 cloak
rCorr   .            (gloves unavailable)
SInv    +            (boots unavailable)
Will    +....        k - amulet of guardian spirit
Stlth   ++           (no ring)
HPRegen 0.27/turn    (no ring)
MPRegen 0.11/turn

%: guardian spirit
@: very quick
A: very small, no large weapons, unfitting armour, see invisible, speed 3
a: Renounce Religion, Recite, Vitalisation, Imprison, Donate Gold


You were on level 7 of the Dungeon.
You worshipped Zin.
Zin was most pleased with you.
You visited 2 branches of the dungeon, and saw 8 of its levels.
You also visited: Ossuary.

You collected 300 gold pieces.
You spent 30 gold pieces at shops.
You donated 30 gold pieces to Zin.

Inventory:

Hand Weapons
 a - a +0 shortbow
 b - the +7 whip "Pofi Fia" (weapon) {venom, Str+3 Int+3}
   (You found it on level 2 of the Dungeon)

   Str+3:     It affects your strength (+3).
   Int+3:     It affects your intelligence (+3).
 x - a +2 dagger of holy wrath
Armour
 c - a +0 robe (worn)
 j - a +0 cloak (worn)
Jewellery
 k - an amulet of guardian spirit (around neck)
Scrolls
 f - a scroll of silence {unknown}
 g - 2 scrolls of butterflies
 m - 3 scrolls of teleportation
 p - 4 scrolls of poison {unknown}
 v - a scroll of immolation {unknown}
 w - a scroll of brand weapon {unknown}
 y - 3 scrolls of amnesia
 z - 2 scrolls of vulnerability {unknown}
 A - a scroll of enchant armour {unknown}
 B - a scroll of enchant weapon {unknown}
 D - a scroll of blinking {unknown}
 E - a scroll of revelation {unknown}
Potions
 d - a potion of cancellation {unknown}
 e - 2 potions of attraction
 h - 2 potions of curing
 i - a potion of degeneration {unknown}
 n - a potion of lignification {unknown}
 o - a potion of magic {unknown}
 q - a potion of enlightenment {unknown}
 t - 2 potions of resistance
 u - a potion of heal wounds {unknown}
 C - a potion of mutation {unknown}


   Skills:
 + Level 5.6 Fighting
 + Level 7.5 Ranged Weapons
 + Level 8.8 Dodging
 - Level 1.5 Stealth
 + Level 1.1 Invocations


You had 7 spell levels left.
You didn't know any spells.
Your spell library contained the following spells:

 Spells                   Type           Power      Damage    Failure   Level
 Kiss of Death            Conj/Necr      0%         2d5       28%         1
 Shock                    Conj/Air       0%         1d3       28%         1
 Slow                     Hex            0%         N/A       28%         1
 Confusing Touch          Hex            0%         N/A       65%         3
 Swiftness                Air            0%         N/A       65%         3
 Vampiric Draining        Necr           0%         2d6       65%         3
 Airstrike                Air            0%         2d(0-16)  96%         4
 Dispel Undead            Necr           0%         3d6       96%         4
 Malign Gateway           Summ/Tloc      0%         N/A       100%        7
 Summon Horrible Things   Summ           0%         N/A       100%        8


Dungeon Overview and Level Annotations

Branches:
Dungeon (7/15) Zot: 26036  Temple (1/1) D:5 Zot: 5998 Ossuary (visited)

Altars:
Ashenzari
Cheibriados
Dithmenos
Fedhas
Gozag
Hepliaklqana
Kikubaaqudgha
Makhleb
Nemelex Xobeh
Okawaru
Qazlal
Ru
Sif Muna
Trog
Uskayaw
Vehumet
Wu Jian
Xom
Yredelemnul
Zin

Shops:
D:2 (   D:6 **[![

Annotations:
D:5 3 runed translucent doors, Vruhak's ghost, weakling FoDe
D:6 Grinder; Jeremiah


Innate Abilities, Weirdness & Mutations

You are very small and have problems with some larger weapons.
You are too small for most types of armour.
You have supernaturally acute eyesight. (SInv)
You cover ground extremely quickly. (Speed+++)


Message History

The gnoll closely misses you. The black bear completely misses you.
The black bear misses you. The black bear closely misses you.
You hit the black bear.
The black bear is lightly wounded.
You kill the gnoll!
The black bear closely misses you. x2; The black bear misses you.
You whack the black bear!
The black bear is moderately wounded.
The black bear closely misses you. The black bear misses you. x2
The black bear completely misses you. The black bear closely misses you.
The black bear completely misses you.
You whack the black bear!
The black bear is severely wounded.
The gnoll hits you with a +0 club! The black bear misses you. x2
The black bear barely misses you.
You hit the gnoll.
The gnoll is poisoned.
The gnoll is moderately wounded.
The gnoll misses you. The black bear completely misses you.
The black bear misses you.
The black bear claws you but does no damage.
You hit the gnoll.
The gnoll looks as sick as possible!
The gnoll is severely wounded.
You kill the gnoll!
The black bear bites you!
* * * LOW HITPOINT WARNING * * *
The black bear barely misses you. The black bear completely misses you.
You hit the black bear.
The black bear is severely wounded.
The black bear goes berserk!
The shadow imp completely misses you.
You hit the black bear.
The black bear is poisoned.
You punch the black bear.
The black bear is almost dead.
The black bear bites you.
* * * LOW HITPOINT WARNING * * *
The black bear misses you. The black bear barely misses you.
The shadow imp barely misses you.
The black bear completely misses you. x2
The black bear barely misses you.
You completely miss the black bear.
The black bear is almost dead.
The black bear bites you!
You die...

#...........
#..........
..........########
.......##.....##@##
.......#.#.....#5h#
.........##<......#
.....5...###......#
..........##.....##
#............#...#
#......g..##..#.##
..#....######.###
.......# ###


You could see a black bear (berserk, very poisoned) and a shadow imp.

Vanquished Creatures
  Sigmund (D:3)
  A steam dragon (D:7)
  2 black bears
  An ogre (D:5)
  A bullfrog (D:6)
  A scorpion (D:4)
  5 wights
  2 hounds
  2 orc priests
  A jelly (D:4)
  2 iguanas (D:5)
  Terence (D:2)
  9 orc wizards
  A mummy (Ossuary)
  5 gnolls
  10 adders
  A white imp (D:6)
  2 worms (D:2)
  2 dart slugs
  24 orcs
  4 spectral bats (Ossuary)
  15 ball pythons
  7 endoplasms
  4 giant cockroaches (D:3)
  12 gnoll zombies (Ossuary)
  7 goblins
  8 hobgoblins
  2 jackals (D:4)
  2 quokkas (D:1)
  A bat (D:3)
  A bat simulacrum (Ossuary)
  2 frilled lizards (D:2)
  4 goblin simulacra (Ossuary)
  6 goblin zombies (Ossuary)
  A hobgoblin zombie (Ossuary)
  A kobold (D:4)
  6 kobold simulacra (Ossuary)
  5 kobold zombies (Ossuary)
  6 orc zombies (Ossuary)
  2 rats
  2 spectral goblins (Ossuary)
  A spectral kobold (Ossuary)
  2 spectral rats (Ossuary)
175 creatures vanquished.

Notes
Turn   | Place    | Note
-------+----------+-------------------------------------------
     0 | D:1      | Arcadio the Spriggan Hunter began the quest for the Orb.
     0 | D:1      | Reached XP level 1. HP: 10/10 MP: 2/2
   159 | D:1      | Reached skill level 3 in Dodging
   162 | D:1      | Reached XP level 2. HP: 15/15 MP: 3/3
   181 | D:1      | You fall into a shaft and drop 1 floor!
   206 | D:2      | Identified the +7 whip "Pofi Fia" {venom, Str+3 Int+3}
   224 | D:2      | Found Kush's Weapon Shop.
   313 | D:2      | Noticed Terence
   325 | D:2      | Killed Terence
   326 | D:2      | Reached XP level 3. HP: 12/18 MP: 4/4
   544 | D:2      | Reached XP level 4. HP: 23/23 MP: 5/5
   561 | D:2      | Reached skill level 4 in Dodging
   822 | D:3      | Noticed Sigmund
  1055 | D:3      | Reached XP level 5. HP: 28/28 MP: 6/6
  1075 | D:3      | Reached skill level 5 in Ranged Weapons
  1289 | D:3      | Killed Sigmund
  1290 | D:3      | Reached skill level 5 in Dodging
  1290 | D:3      | Reached XP level 6. HP: 17/32 MP: 3/7
  1999 | D:4      | Reached skill level 6 in Dodging
  2414 | D:4      | Reached XP level 7. HP: 37/37 MP: 8/8
  2809 | D:4      | Found an ornate altar of the Wu Jian Council.
  2974 | D:5      | Entered Level 5 of the Dungeon
  2974 | D:5      | Found a glowing silver altar of Zin.
  2974 | D:5      | Found a radiant altar of Vehumet.
  2974 | D:5      | Found a sacrificial altar of Ru.
  2974 | D:5      | Found a bloodstained altar of Trog.
  3229 | D:5      | Found a staircase to the Ecumenical Temple.
  3236 | Temple   | Entered the Ecumenical Temple
  3280 | D:5      | Reached skill level 7 in Dodging
  3400 | D:5      | Became a worshipper of Zin the Law-Giver
  3400 | D:5      | Reached * piety under Zin
  3461 | D:5      | Found a runed translucent gate.
  3461 | D:5      | Found a runed translucent gate.
  3461 | D:5      | Found a runed translucent gate.
  3463 | D:5      | Found an opulent altar of Gozag.
  3465 | D:5      | Noticed a wyvern
  3467 | D:5      | Noticed Vruhak's ghost (weakling FoDe)
  3609 | D:5      | Found a sand-covered staircase.
  3615 | Ossuary  | Entered an ossuary
  3772 | Ossuary  | Reached ** piety under Zin
  4081 | Ossuary  | Reached *** piety under Zin
  4616 | D:6      | Reached XP level 8. HP: 37/42 MP: 7/9
  4625 | D:6      | Noticed Grinder
  4640 | D:6      | Found Fura's General Store.
  4648 | D:6      | Bought a potion of curing for 30 gold pieces
  4684 | D:6      | Found Goasoof's Gadget Gallery.
  4740 | D:6      | Reached **** piety under Zin
  4845 | D:6      | Reached skill level 5 in Fighting
  4866 | D:6      | Found Gul Lugg's Antique Armour Boutique.
  4892 | D:6      | Found Qousis's Distillery.
  4954 | D:6      | Noticed Jeremiah
  5069 | D:6      | Reached skill level 8 in Dodging
  5179 | D:6      | Found Qiewk's Armour Shoppe.
  6240 | D:7      | Found a blossoming altar of Fedhas.
  6240 | D:7      | Found a hazy altar of Hepliaklqana.
  6241 | D:7      | Found a shimmering altar of Xom.
  6300 | D:7      | Reached skill level 1 in Invocations
  6340 | D:7      | Slain by a black bear

Illustrated notes

Levels and vault maps discovered:
D:1:      dpeg_arrival_more_subterranean_lakeside_camping, layout_rooms,
          hellmonk_ecumenical_altar_watching_god
D:2:      layout_rooms, serial_shops, shop, st_stairs_13, nicolae_eternal_life,
          minmay_shallow_snake_nest, uniq_terence
D:3:      layout_basic, uniq_sigmund
D:4:      layout_layer_cave, mainiacjoe_overflow_alcove_2
D:5:      layout_cave_pods, chequers_temple_overflow_statue_of_worship,
          minmay_temple_entry_junction, ebering_ghost_gozag,
          lightli_ossuary_entry_decrepit_ruins
D:6:      layout_rooms, serial_shops, nicolae_shop_real_fake_doors,
          nicolae_shop_back_alley_shop,
          nicolae_shop_competitors_out_of_business, shop, nicolae_shop_gadgets,
          uniq_grinder, uniq_jeremiah, uniq_maggie
D:7:      layout_cave_pools, nicolae_overflow_quartered_altars,
          gammafunk_ghost_nasty_kobolds
Temple:   nicolae_temple_no_exploring_needed

Skill      XL: |  1  2  3  4  5  6  7  8 |
---------------+-------------------------+-----
Dodging        | 3 4 5 6 7 8 |  8.8
Fighting       | 2 3 4 5 |  5.6
Ranged Weapons | 5 6 7 |  7.5
Invocations    | 1 |  1.1
Stealth        | |  1.5

Action                     |  1- 3 |  4- 6 |  7- 9 || total
---------------------------+-------+-------+-------++-------
  Melee: Whip              |    15 |    60 |   224 ||   299
         Punch             |       |       |     6 ||     6
   Fire: Shortbow          |    51 |    94 |    57 ||   202
 Invoke: Recite            |       |       |     4 ||     4
    Use: Scroll            |       |     2 |     5 ||     7
         Potion            |       |       |     1 ||     1
   Stab: Sleeping          |       |       |     8 ||     8
         Distracted        |       |       |     1 ||     1
 Armour: Robe              |       |     3 |    16 ||    19
  Dodge: Dodged            |    13 |    53 |   196 ||   262

Table legend: (Time is in decaauts)
 A = Elapsed time spent in this place.
 B = Non-inter-level travel time spent in this place.
 C = Inter-level travel time spent in this place.
 D = Time resting spent in this place.
 E = Time spent auto-exploring this place.
 F = Levels seen in this place.
 G = Mean time per level.
                   A        B        C        D        E       F      G
               +--------+--------+--------+--------+--------+-----+--------+
         Total |   4699 |   4554 |    145 |   1295 |   1991 |   9 |  522.1 |
       Dungeon |   4198 |   4053 |    145 |   1113 |   1883 |   7 |  599.7 |
        Temple |      1 |      1 |      0 |      0 |      0 |   1 |    1.0 |
       Ossuary |    499 |    499 |      0 |    182 |    107 |   1 |  499.0 |
               +--------+--------+--------+--------+--------+-----+--------+

Top non-repeatable levels by time:
     D:6: 1137 daAuts
     D:3: 761 daAuts
     D:5: 740 daAuts
     D:4: 711 daAuts
 Ossuary: 499 daAuts
     D:2: 427 daAuts
     D:7: 292 daAuts
     D:1: 129 daAuts
  Temple: 1 daAuts
